 Dungeon Crawl Stone Soup version 0.29-a0-821-g66395355a5 (webtiles) character file.

Game seed: 15779115677555459212

1061 kevlar127 the Ruffian (level 8, -2/81 HPs)
             Began as a Troll Berserker on July 7, 2022.
             Was a Priest of Trog.
             Slain by an iguana (9 damage)
             ... on level 6 of the Dungeon.
             The game lasted 00:07:43 (4057 turns).

kevlar127 the Ruffian (Troll Berserker)             Turns: 4057, Time: 00:07:43

Health: -2/81      AC:  7    Str: 28    XL:     8   Next: 6%
Magic:  7/7        EV: 10    Int:  3    God:    Trog [***...]
Gold:   320        SH:  0    Dex:  9    Spells: 7/7 levels left

rFire   . . .      SeeInvis .     - Unarmed
rCold   . . .      Faith    .   (no shield)
rNeg    + . .      Spirit   .   a - +0 animal skin
rPois   .          Reflect  .   (helmet restricted)
rElec   .          Harm     .   v - +2 cloak {rCorr}
rCorr   +          Rampage  .   (gloves unavailable)
Will    ++...                   (boots unavailable)
Stlth   +.........              (no amulet)
HPRegen 2.03/turn               B - ring of positive energy
MPRegen 0.10/turn               (no ring)

@: strong-willed, regenerating
A: large, unfitting armour, claws 3, regeneration 1, shaggy fur 1, tough skin 1
a: Renounce Religion, Berserk, Trog's Hand


You were on level 6 of the Dungeon.
You worshipped Trog.
Trog was most pleased with you.
You visited 1 branch of the dungeon, and saw 6 of its levels.

You collected 320 gold pieces.

Inventory:

Missiles
 d - 49 stones (quivered)
 e - 7 javelins
 j - 6 poisoned darts
 C - 4 boomerangs
 E - 2 throwing nets
Armour
 a - a +0 animal skin (worn)
 v - a +2 cloak of preservation (worn)
Jewellery
 B - a ring of positive energy (left claw)
Wands
 p - a wand of polymorph (30)
 x - a wand of charming (7)
 A - a wand of flame (13)
Scrolls
 b - 2 scrolls of immolation {unknown}
 f - a scroll of fear {unknown}
 g - a scroll of brand weapon {unknown}
 h - 10 scrolls of identify {unknown}
 i - 3 scrolls of poison {unknown}
 l - 4 scrolls of teleportation {unknown}
 n - a scroll of fog {unknown}
 u - a scroll of enchant armour {unknown}
 y - a scroll of noise {unknown}
 z - a scroll of blinking {unknown}
 D - a scroll of amnesia {unknown}
Potions
 c - 2 potions of flight {unknown}
 k - a potion of degeneration {unknown}
 m - a potion of might {unknown}
 o - 4 potions of curing
 q - a potion of mutation {unknown}
 r - a potion of invisibility {unknown}
 s - 3 potions of haste {unknown}
 t - a potion of lignification {unknown}
 w - 2 potions of heal wounds {unknown}


   Skills:
 + Level 5.5 Fighting
 + Level 3.0 Throwing
 - Level 3.0 Dodging
 + Level 6.6 Unarmed Combat


You had 7 spell levels left.
You didn't know any spells.
Your spell library was empty.

Dungeon Overview and Level Annotations

Branches:
Dungeon (6/15)             Temple (0/1) D:4

Altars:
Ashenzari
Fedhas
Gozag

Shops:
D:5 =

Annotations:
D:3 1 transporter, zhov's ghost, amateur DsHu


Innate Abilities, Weirdness & Mutations

You are too large for most types of armour.
You have claws for hands.
Your natural rate of healing is unusually fast.
You are covered in fur. (AC +1)
You have tough skin. (AC +1)


Message History

The centaur closely misses you. The centaur barely misses you.
The iguana bites you. The orc priest barely misses you. Something hits you.
You scratch the iguana but do no damage.
The iguana is lightly wounded.
The centaur completely misses you.
The centaur kicks you but does no damage.
The iguana bites you. The orc priest hits you with a +0 club.
Something hits you. The centaur barely misses you.
The centaur kicks you but does no damage.
You scratch the iguana.
The iguana is heavily wounded.
The iguana completely misses you. The orc priest hits you with a +0 club.
Something hits you.
* * * LOW HITPOINT WARNING * * *
The centaur barely misses you.
The centaur kicks you but does no damage.
The orc priest attacks as you move away!
The orc priest hits you with a +0 club.
* * * LOW HITPOINT WARNING * * *
The centaur closely misses you.
The centaur kicks you but does no damage.
The orc priest calls down the wrath of Beogh upon you.
Beogh smites you!
* * * LOW HITPOINT WARNING * * *
Something hits you.
* * * LOW HITPOINT WARNING * * *
Items here: )) [ †.
The centaur attacks as you move away!
The centaur hits you but does no damage.
The centaur kicks you.
* * * LOW HITPOINT WARNING * * *
The centaur wields a +0 shortbow.
The centaur shoots an arrow.
The arrow hits you.
* * * LOW HITPOINT WARNING * * *
Your skin crawls.
You feel strong-willed.
The centaur unwields a +0 shortbow.
The centaur misses you.
The centaur kicks you but does no damage.
The iguana bites you!
You die...

#...........#
#...........###
...#
+..............
....
#............#
....
#......<.....#
....
#............#
....
##....){......#
...
..)....olc....# ..
.......##@#..... .
....... #.# ..#
....... #.# #
####### #.# #.#
########## #.# .
#........# #.# ...
#####........###.#
.....
....'...>........#
.....


You could see a centaur, an iguana and an orc priest.

Vanquished Creatures
  Sigmund (D:4)
  2 ice beasts
  A centaur (D:6)
  2 phantoms
  2 orc priests (D:6)
  2 jellies
  Crazy Yiuf (D:3)
  4 iguanas
  Ijyb (D:4)
  An orc wizard (D:6)
  Robin (D:4)
  5 adders
  2 white imps (D:5)
  2 ufetubi (D:5)
  5 dart slugs
  15 orcs
  4 bats
  10 endoplasms
  4 giant cockroaches
  9 goblins
  9 hobgoblins
  3 kobolds (D:1)
  2 quokkas
  4 ball pythons
  2 frilled lizards (D:2)
  4 rats
98 creatures vanquished.

Notes
Turn   | Place    | Note
-------+----------+-------------------------------------------
     0 | D:1      | kevlar127 the Troll Berserker began the quest for the Orb.
     0 | D:1      | Reached XP level 1. HP: 22/22 MP: 0/0
   240 | D:1      | Reached XP level 2. HP: 29/29 MP: 1/1
   658 | D:2      | Reached XP level 3. HP: 29/37 MP: 2/2
   685 | D:2      | Reached ** piety under Trog
   833 | D:2      | Found a faded altar of an unknown god.
  1339 | D:3      | Found a runed translucent door.
  1340 | D:3      | Noticed Crazy Yiuf
  1423 | D:3      | Found a transporter.
  1424 | D:3      | Noticed zhov's ghost (amateur DsHu)
  1426 | D:3      | Identified the +3 great mace of Sixua {vorpal, Str+3}
  1426 | D:3      | Noticed an ogre
  1445 | D:3      | Reached skill level 4 in Unarmed Combat
  1454 | D:3      | Reached XP level 4. HP: 45/45 MP: 3/3
  1818 | D:3      | Killed Crazy Yiuf
  2017 | D:4      | Reached XP level 5. HP: 54/54 MP: 4/4
  2085 | D:4      | Noticed Robin
  2093 | D:4      | Killed Robin
  2156 | D:4      | Found a staircase to the Ecumenical Temple.
  2161 | D:4      | Reached skill level 1 in Throwing
  2340 | D:4      | Noticed Sigmund
  2361 | D:4      | Killed Sigmund
  2362 | D:4      | Reached skill level 5 in Unarmed Combat
  2362 | D:4      | Reached XP level 6. HP: 62/62 MP: 5/5
  2414 | D:4      | Noticed Ijyb
  2420 | D:4      | Reached *** piety under Trog
  2429 | D:4      | Killed Ijyb
  2644 | D:4      | Found a blossoming altar of Fedhas.
  2645 | D:4      | Found an opulent altar of Gozag.
  2817 | D:5      | Entered Level 5 of the Dungeon
  2976 | D:5      | Found Viurghuri's Jewellery Shoppe.
  2977 | D:5      | Noticed an ice beast
  2993 | D:5      | Killed an ice beast
  2994 | D:5      | Reached XP level 7. HP: 45/71 MP: 6/6
  3104 | D:5      | Found a broken altar of Ashenzari.
  3708 | D:6      | Reached skill level 5 in Fighting
  3708 | D:6      | Reached skill level 6 in Unarmed Combat
  3930 | D:6      | Reached XP level 8. HP: 55/81 MP: 7/7
  4057 | D:6      | Slain by an iguana

Illustrated notes

Levels and vault maps discovered:
D:1:      saegor_arrival_simple_e, layout_basic
D:2:      layout_loops_ring, hellmonk_ecumenical_altar_lost_god
D:3:      layout_loops_cross, gammafunk_ghost_smash, uniq_crazy_yiuf_cottage
D:4:      layout_loops_cross, gammafunk_temple_overflow_statue,
          minmay_temple_entry_junction, dreamdust_princess_bridge,
          minmay_crossroads, uniq_sigmund, uniq_ijyb, uniq_robin
D:5:      layout_basic, ashenzari_altar_1, hangedman_decor_growths,
          minmay_shop_enchanted_jewellery, chequers_serial_rivers_large_a,
          chequers_mini_garden, chequers_serial_rivers_small_a
D:6:      layout_basic, abandoned_shop

Skill      XL: |  1  2  3  4  5  6  7 |
---------------+----------------------+-----
Fighting       | 3 4 5 |  5.5
Unarmed Combat | 4 5 6 |  6.6
Throwing       | 2 3 |  3.0
Dodging        | 3 |  3.0

Action                   |  1- 3 |  4- 6 |  7- 9 || total
-------------------------+-------+-------+-------++-------
Melee: Unarmed           |    82 |   114 |    85 ||   281
       Punch             |     2 |     2 |     1 ||     5
Invok: Berserk           |       |       |     1 ||     1
       Trog's Hand       |       |       |     1 ||     1
 Stab: Sleeping          |       |     1 |       ||     1
Armor: Animal skin       |    26 |    45 |    47 ||   118
Dodge: Dodged            |    42 |    46 |    61 ||   149

Table legend: (Time is in decaauts)
 A = Elapsed time spent in this place.
 B = Non-inter-level travel time spent in this place.
 C = Inter-level travel time spent in this place.
 D = Time resting spent in this place.
 E = Time spent auto-exploring this place.
 F = Levels seen in this place.
 G = Mean time per level.
                   A        B        C        D        E       F      G
               +--------+--------+--------+--------+--------+-----+--------+
         Total |   4052 |   3728 |    324 |     50 |   3072 |   6 |  675.3 |
       Dungeon |   4052 |   3728 |    324 |     50 |   3072 |   6 |  675.3 |
               +--------+--------+--------+--------+--------+-----+--------+

Top non-repeatable levels by time:
     D:4: 905 daAuts
     D:3: 835 daAuts
     D:5: 819 daAuts
     D:2: 648 daAuts
     D:1: 477 daAuts
     D:6: 365 daAuts
